 Dungeon Crawl Stone Soup version 0.20-a0-927-g1ae2c61 (webtiles) character file.

5891 esteth the Grappler (level 10, -4/107 HPs)
             Began as a Troll Monk on Mar 26, 2017.
             Was a Priest of Ru.
             Slain by a hornet (11 damage)
             ... on level 9 of the Dungeon on Mar 28, 2017.
             The game lasted 00:22:33 (7523 turns).

esteth the Grappler (Troll Monk)                    Turns: 7523, Time: 00:22:33

Health: -4/107     AC: 10    Str: 21    XL:     10   Next: 53%
Magic:  9/9        EV: 11    Int:  8    God:    Ru [***...]
Gold:   545        SH:  0    Dex: 15    Spells: 9/9 levels left

rFire    . . .     SeeInvis .     - Unarmed
rCold    . . .     Gourm    +   (no shield)
rNeg     . . .     Faith    .   G - +0 steam dragon scales
rPois    .         Spirit   .   (helmet restricted)
rElec    .         Reflect  .   (no cloak)
rCorr    .         Harm     .   (gloves unavailable)
MR       .....                  (boots unavailable)
Stlth    ++........             z - amulet of the gourmand
Regen    0.7/turn               j - +2 ring of protection
MPRegen  0.2/turn               C - +2 ring of intelligence

@: lethally poisoned (-4 -> -4), very slightly contaminated, slowed, invisible,
very slow
A: unfitting armour, claws 3, fast metabolism 3, gourmand, regeneration 1,
shaggy fur 1, tough skin 2, inability to use devices, no ice magic, no
translocations magic, no transmutations magic
a: Draw Out Power, Renounce Religion


You were on level 9 of the Dungeon.
You worshipped Ru.
Ru was most pleased with you.
You were very full.

You visited 2 branches of the dungeon, and saw 10 of its levels.

You collected 545 gold pieces.

Inventory:

Armour
 a - a +0 robe
 G - +0 steam dragon scales (worn)
Jewellery
 j - a +2 ring of protection (left claw)
 r - an uncursed ring of fire
 y - an uncursed amulet of faith
 z - an amulet of the gourmand (around neck)
 C - a +2 ring of intelligence (right claw)
Scrolls
 c - 9 scrolls of teleportation {unknown}
 e - 6 scrolls of remove curse {unknown}
 f - a scroll of random uselessness {unknown}
 i - a scroll of enchant weapon {unknown}
 k - a scroll of fog {unknown}
 l - 14 scrolls of identify {unknown}
 o - 3 scrolls of amnesia {unknown}
 s - a scroll of immolation {unknown}
 t - a scroll of blinking {unknown}
 u - 2 scrolls of magic mapping {unknown}
 D - a scroll of enchant armour {unknown}
 F - a scroll of summoning {unknown}
Potions
 d - 2 potions of agility
 g - 12 potions of curing
 h - 3 potions of resistance
 m - a potion of invisibility
 p - 2 potions of degeneration {unknown}
 v - a potion of berserk rage {unknown}
 w - a potion of flight {unknown}
 E - 3 potions of brilliance {unknown}
Books
 A - a book of Geomancy

   Spells                             Type                      Level
   a - Sandblast                      Earth                        1
   b - Passwall                       Transmutation/Earth          2
   c - Stone Arrow                    Conjuration/Earth            3
   d - Petrify                        Transmutation/Earth          4
   e - Lee's Rapid Deconstruction     Earth                        5
Comestibles
 b - 11 bread rations
 n - 3 meat rations
 q - a royal jelly
 x - a fruit
 B - 2 chunks of flesh


   Skills:
 - Level 9.3 Fighting
 + Level 2.1 Armour
 + Level 3.4 Dodging
 - Level 1.0 Stealth
 - Level 11.3 Unarmed Combat


You had 9 spell levels left.
You didn't know any spells.

Dungeon Overview and Level Annotations

Branches:
Dungeon (9/15)             Temple (1/1) D:6
   Lair: D:8-11         Orc: D:9-12

Altars:
Ashenzari
Cheibriados
Dithmenos
Elyvilon
Fedhas
Gozag
Hepliaklqana
Kikubaaqudgha
Makhleb
Nemelex Xobeh
Okawaru
Qazlal
Ru
Sif Muna
Trog
Uskayaw
Vehumet
Wu Jian
Xom
Yredelemnul
Zin
The Shining One

Shops:
D:8 [%(*

Annotations:
D:6 exclusion: statue


Innate Abilities, Weirdness & Mutations

You are too large for most types of armour.
You have claws for hands.
Your metabolism is lightning-fast.
You like to eat raw meat.
Your natural rate of healing is unusually fast.
You are covered in fur. (AC +1)
You have very tough skin. (AC +2)
You cannot study or use magical devices.
You cannot study or cast Ice magic.
You cannot study or cast Translocations magic.
You cannot study or cast Transmutations magic.


Message History

* * * LOW HITPOINT WARNING * * *
You are more poisoned.
You feel as though you will be slow longer.
The sky beast flickers out of sight!
Deactivating autopickup; reactivate with Ctrl-A.
You can move again.
You feel better. The hornet stings you!
* * * LOW HITPOINT WARNING * * *
You feel as though you will be slow longer.
The hornet stings you!
* * * LOW HITPOINT WARNING * * *
You feel as though you will be slow longer.
You fade into invisibility!
The hornet misses you. The hornet stings you!
* * * LOW HITPOINT WARNING * * *
You are poisoned.
You shrug off the repeated paralysis!
You are very lightly contaminated with residual magic.
You feel sick. The hornet stings you!
You die...

.....# #.# #.#########.# #....#
#.# ...........####. #...)# #.#
#.J........... ...).# #.#
#...F.......# .....#####.#
#.#...W..?....# ..>........#
#.'...........# ....#####..#
###........=..#
....######.#############.#+#...
................@y..............
.........#..########.....#.#....
...#####.#..# #.....#.# .. .###
# #..# #........ .#######.#..#
#.......... .........#...
........... ############.
##.#......... ... . ...........
### ##.#####$###


You could see a hornet.

Vanquished Creatures
  The ghost of Graouh the Basher, a novice MiFi (D:9)
  Pikel (D:5)
  The ghost of Apogee the Magician, a novice DrIE of Sif Muna (D:7)
  A manticore (D:8)
  A kobold demonologist (D:8)
  A troll (D:7)
  3 hippogriffs
  A steam dragon (D:8)
  The ghost of Yehuk the Sneak, an amateur HaAs (D:3)
  A water moccasin (D:5)
  A slave (D:5)
  2 phantoms
  4 ogres
  4 centaurs
  Blork the orc (D:6)
  4 big kobolds (D:8)
  3 bullfrogs
  A gnoll sergeant (D:6)
  5 scorpions
  A water moccasin skeleton (D:7)
  A howler monkey (D:5)
  2 crimson imps
  A centaur zombie (D:5)
  8 orc priests
  A bullfrog skeleton (D:6)
  A hound (D:7)
  A centaur skeleton (D:9)
  2 gnoll shamans
  10 orc wizards
  Jessica (D:3)
  6 worker ants
  4 hound skeletons
  A worker ant zombie (D:5)
  15 gnolls
  10 adders
  2 river rats (D:5)
  An ooze (D:3)
  An adder zombie (D:8)
  An adder skeleton (D:8)
  6 worms
  A dart slug (D:3)
  3 leopard geckos
  33 orcs
  6 giant cockroaches
  7 goblins
  8 hobgoblins
  7 jackals
  16 kobolds
  4 quokkas
  2 ball pythons
  7 bats
  5 frilled lizards
  A jackal skeleton (D:5)
  4 rats
217 creatures vanquished.

Vanquished Creatures (others)
  A worker ant (D:5)
  2 gnolls (D:5)
  A river rat (D:5)
  A plant (D:5)
5 creatures vanquished.

Grand Total: 222 creatures vanquished

Notes
Turn   | Place    | Note
-------+----------+-------------------------------------------
     0 | D:1      | esteth the Troll Monk began the quest for the Orb.
     0 | D:1      | Reached XP level 1. HP: 22/22 MP: 0/0
   332 | D:1      | Reached XP level 2. HP: 27/29 MP: 1/1
   671 | D:2      | Reached skill level 4 in Unarmed Combat
   679 | D:2      | Reached XP level 3. HP: 18/36 MP: 2/2
   997 | D:2      | Reached XP level 4. HP: 44/44 MP: 3/3
  1006 | D:2      | Reached skill level 5 in Unarmed Combat
  1565 | D:3      | Found a deep blue altar of Sif Muna.
  1590 | D:3      | Reached XP level 5. HP: 50/50 MP: 4/4
  1729 | D:3      | Reached skill level 6 in Unarmed Combat
  1876 | D:3      | Noticed Yehuk's ghost (amateur HaAs)
  1886 | D:3      | Killed Yehuk's ghost
  1886 | D:3      | Reached XP level 6. HP: 60/62 MP: 5/5
  1947 | D:3      | Noticed Jessica
  1953 | D:3      | Killed Jessica
  2275 | D:4      | Reached skill level 5 in Fighting
  2275 | D:4      | Reached XP level 7. HP: 56/72 MP: 6/6
  2623 | D:4      | Found a burning altar of Makhleb.
  2843 | D:5      | Entered Level 5 of the Dungeon
  3027 | D:5      | Noticed Pikel
  3073 | D:5      | Killed Pikel
  3073 | D:5      | Reached XP level 8. HP: 64/88 MP: 7/7
  3379 | D:5      | Found an ancient bone altar of Kikubaaqudgha.
  3963 | D:6      | Upgraded the game from 0.20-a0-923-g548304e to 0.20-a0-927-g1ae2c61
  4002 | D:6      | Noticed Blork the orc
  4010 | D:6      | Killed Blork the orc
  4077 | D:6      | Found a staircase to the Ecumenical Temple.
  4084 | Temple   | Entered the Ecumenical Temple
  4207 | Temple   | Became a worshipper of Ru the Awakened
  4210 | Temple   | Gained mutation: You cannot study or use magical devices. [Ru sacrifice]
  4210 | Temple   | Reached * piety under Ru
  4210 | Temple   | Reached ** piety under Ru
  4315 | D:6      | Found a blossoming altar of Fedhas.
  4831 | D:6      | Found a radiant altar of Vehumet.
  4961 | D:7      | Noticed a hippogriff
  4990 | D:7      | Killed a hippogriff
  4990 | D:7      | Reached XP level 9. HP: 77/98 MP: 8/8
  5029 | D:7      | Found a stormy altar of Qazlal.
  5054 | D:7      | Noticed a troll
  5075 | D:7      | Killed a troll
  5099 | D:7      | Reached skill level 7 in Unarmed Combat
  5279 | D:7      | Noticed Apogee's ghost (novice DrIE)
  5295 | D:7      | Killed Apogee's ghost
  5295 | D:7      | Reached skill level 8 in Unarmed Combat
  5553 | D:7      | Reached skill level 9 in Unarmed Combat
  6325 | D:8      | Found Maxoiphu's Antique Weapon Shoppe.
  6366 | D:8      | Reached skill level 10 in Unarmed Combat
  6382 | D:8      | Found Xuddair's Armour Emporium.
  6401 | D:8      | Gained mutation: You cannot study or cast Ice magic. [Ru sacrifice]
  6401 | D:8      | Gained mutation: You cannot study or cast Transmutations magic. [Ru sacrifice]
  6401 | D:8      | Gained mutation: You cannot study or cast Translocations magic. [Ru sacrifice]
  6401 | D:8      | Reached *** piety under Ru
  6532 | D:8      | Found Rilemead's Assorted Antiques.
  6562 | D:8      | Noticed a manticore
  6568 | D:8      | Killed a manticore
  6568 | D:8      | Reached XP level 10. HP: 86/107 MP: 9/9
  6777 | D:8      | Found Beock's Food Shoppe.
  7098 | D:8      | Reached skill level 11 in Unarmed Combat
  7345 | D:9      | Found a basalt altar of Yredelemnul.
  7470 | D:9      | Noticed Graouh's ghost (novice MiFi)
  7488 | D:9      | Reached skill level 1 in Armour
  7511 | D:9      | Killed Graouh's ghost
  7519 | D:9      | Paralysed by a hornet for 2 turns
  7523 | D:9      | Slain by a hornet

Vault maps used:
D:1:      lightli_iron_boxes
D:2:      grunt_decor_one_mirror, minmay_pentomino_p4
D:3:      led_sif_pool, uniq_jessica
D:4:      lemuel_doored_altar, minmay_misc_feat_columns
D:5:      wad_woods_stonehenge, first_bread, kennysheep_nondescript, uniq_pikel
D:6:      vehumet_statue, kennysheep_mini_moat,
          minmay_temple_entry_statues_fountains, uniq_blork_the_orc
D:7:      old_standard_altar
D:8:      serial_shops, nicolae_shop_competitors_out_of_business, shop, shop,
          nicolae_shop_stone, special_room
D:9:      yredelemnul_altar_generic, lair_entry_dummy, serial_shops, shop
Temple:   eino_temple_rhombus

Skill      XL: |  1  2  3  4  5  6  7  8  9 10 |
---------------+-------------------------------+-----
Unarmed Combat | 4 5 6 10 11 | 11.3
Fighting       | 3 5 7 9 |  9.3
Armour         | 2 |  2.1
Dodging        | 3 |  3.4
Stealth        | |  1.0

Action                   |  1- 3 |  4- 6 |  7- 9 | 10-12 || total
-------------------------+-------+-------+-------+-------++-------
Melee: Unarmed           |    68 |   175 |   345 |   105 ||   693
       Punch             |       |     2 |     5 |     2 ||     9
Invok: Sacrifice Artific |       |       |     1 |       ||     1
       Sacrifice Arcana  |       |       |     1 |       ||     1
  Use: Potion            |     5 |       |     2 |     2 ||     9
 Stab: Sleeping          |     1 |       |     4 |       ||     5
       Distracted        |       |     1 |       |       ||     1
       Invisible         |       |       |     3 |     2 ||     5
  Eat: Chunk             |    15 |    11 |    40 |     8 ||    74
Armor: Robe              |    25 |    72 |    91 |     5 ||   193
       Steam dragon scal |       |       |       |    32 ||    32
Dodge: Dodged            |    42 |    90 |   164 |    53 ||   349
